 Dungeon Crawl Stone Soup version 0.24.0-123-gd5b16e6ec5 (webtiles) character file.

Game seed: 11308774341296396098, levelgen mode: deterministic

9004 Bluestream the Cleaver (level 11, -8/105 HPs)
             Began as a Minotaur Fighter on Feb 4, 2020.
             Was an Elder of Makhleb.
             Splashed by an acid dragon's acid (10 damage)
             ... on level 11 of the Dungeon.
             The game lasted 00:15:22 (8742 turns).

Bluestream the Cleaver (Minotaur Fighter)           Turns: 8742, Time: 00:15:23

Health: -8/105     AC:  7    Str: 25    XL:     11   Next: 17%
Magic:  10/10      EV:  9    Int:  5    God:    Makhleb [****..]
Gold:   664        SH: 11    Dex:  9    Spells: 10/10 levels left

rFire    . . .     SeeInvis .   F - +0 broad axe
rCold    . . .     Gourm    .   c - +0 shield
rNeg     . . .     Faith    .   m - +0 ring mail
rPois    .         Spirit   .   I - +2 hat {MR+}
rElec    .         Reflect  .   o - +2 cloak
rCorr    .         Harm     .   y - +2 pair of gloves
MR       +....                  (no boots)
Stlth    +.........             (no amulet)
HPRegen  0.27/turn              z - ring of stealth
MPRegen  0.12/turn              (no ring)

@: corroded, lightly drained
A: retaliatory headbutt, horns 2
a: Minor Destruction, Lesser Servant of Makhleb, Major Destruction, Renounce
Religion


You were on level 11 of the Dungeon.
You worshipped Makhleb.
Makhleb was greatly pleased with you.
You were hungry.

You visited 2 branches of the dungeon, and saw 12 of its levels.

You collected 664 gold pieces.

Inventory:

Hand Weapons
 a - a +0 war axe
 F - a +0 broad axe (weapon)
Armour
 c - a +0 shield (worn)
 m - a +0 ring mail (worn)
 o - a +2 cloak (worn)
 y - a +2 pair of gloves (worn)
 I - a +2 hat of magic resistance (worn)
Jewellery
 z - a ring of stealth (left hand)
 H - an uncursed amulet of the acrobat
 L - a cursed ring of attention {unknown}
Wands
 q - a wand of acid (5)
 r - a wand of scattershot (4)
 t - a wand of random effects (19)
 B - a wand of iceblast (15)
 K - a wand of disintegration (14)
 M - a wand of flame (13)
 O - a wand of digging (5)
Scrolls
 e - 13 scrolls of identify {unknown}
 g - 3 scrolls of magic mapping {unknown}
 j - 8 scrolls of remove curse {unknown}
 n - 2 scrolls of teleportation {unknown}
 s - 2 scrolls of blinking {unknown}
 u - 3 scrolls of random uselessness {unknown}
 x - a scroll of enchant armour {unknown}
 C - 2 scrolls of immolation {unknown}
 E - a scroll of fog {unknown}
 J - 2 scrolls of vulnerability {unknown}
 N - a scroll of amnesia {unknown}
Potions
 b - 5 potions of mutation {unknown}
 d - 2 potions of might
 h - 2 potions of lignification {unknown}
 i - 3 potions of degeneration {unknown}
 k - 2 potions of haste {unknown}
 l - 2 potions of curing {unknown}
 p - 2 potions of berserk rage {unknown}
 v - 7 potions of agility {unknown}
 w - 2 potions of heal wounds {unknown}
 A - 3 potions of flight {unknown}
 D - a potion of invisibility {unknown}
 G - 2 potions of brilliance {unknown}
Comestibles
 f - 17 rations


   Skills:
 + Level 12.3(12.2) Fighting
 * Level 13.6(13.4) Axes
 + Level 7.8(7.7) Armour
 + Level 7.9(7.7) Shields


You had 10 spell levels left.
You didn't know any spells.
Your spell library contained the following spells:

 Spells                   Type           Power        Failure   Level  Hunger
 Animate Skeleton         Necr           N/A          89%         1    ##.....
 Magic Dart               Conj           #...         89%         1    ##.....
 Pain                     Necr           #...         89%         1    ##.....
 Searing Ray              Conj           #.....       96%         2    ###....
 Dazzling Spray           Conj/Hex       #.....       99%         3    ####...
 Regeneration             Chrm/Necr      #.........   99%         3    ####...
 Vampiric Draining        Necr           #.........   99%         3    ####...
 Animate Dead             Necr           N/A          100%        4    #####..
 Force Lance              Conj/Tloc      #.......     100%        4    #####..
 Fulminant Prism          Conj/Hex       #.........   100%        4    #####..
 Iskenderun's Mystic Bla  Conj           #.......     100%        4    #####..


Dungeon Overview and Level Annotations

Branches:
Dungeon (11/15)            Temple (1/1) D:5            Lair (0/6) D:10
    Orc (0/2) D:10

Altars:
Ashenzari
Cheibriados
Elyvilon
Fedhas
Gozag
Kikubaaqudgha
Makhleb
Okawaru
Qazlal
Ru
Trog
Uskayaw
Vehumet
Xom
Yredelemnul
The Shining One


Innate Abilities, Weirdness & Mutations

You reflexively headbutt those who attack you in melee.
You have a pair of horns on your head.


Message History

Something hits you.
* * * LOW HITPOINT WARNING * * *
The acid dragon spits acid at you.
The splash of acid hits you but does no damage.
The acid corrodes you!
You are splashed with acid!
* * * LOW HITPOINT WARNING * * *
Something hits you.
* * * LOW HITPOINT WARNING * * *
You block something's attack. Something hits you but does no damage.
Something hits you but does no damage.
Something hits you but does no damage. x2
Something hits you but does no damage. Something hits you.
* * * LOW HITPOINT WARNING * * *
The acid dragon spits acid at you. The splash of acid hits you.
* * * LOW HITPOINT WARNING * * *
The acid corrodes you!
You are splashed with acid!
You die...

............................
............................
............................
.........(..................
............................
#######.....#'#######'##....
#.....#..........#.... #.....
#..D..#..........#.... +....
#....@#..........#.... #....
#.....#..........#.... #....
#.....#..........#.... #...#
#.....###...######....
##...##+###.... #.>.##.....##'
#....#....+.....#....#.....#..
#...<#....#...(.#....#.....#..
#....#....#.....#....#.†<..+..
#....#....#.....#....#.....#..


You could see an acid dragon.

Vanquished Creatures
  Gastronok (D:9)
  A two-headed ogre (D:10)
  An unseen horror (D:10)
  3 hippogriffs
  A hungry ghost (D:8)
  2 wargs (D:10)
  Duvessa (D:4)
  4 black bears
  4 sky beasts
  4 ice beasts
  6 ogres
  2 orc warriors
  A necrophage (D:10)
  4 phantoms
  8 centaurs
  2 crocodiles (D:11)
  A big kobold (D:9)
  4 bullfrogs
  Dowan (D:4)
  8 wights
  2 howler monkeys (D:8)
  3 crimson imps
  A bullfrog zombie (D:10)
  2 centaur zombies
  4 orc priests
  10 hounds
  A bullfrog skeleton (D:9)
  Crazy Yiuf (D:7)
  4 jellies
  11 orc wizards
  2 centaur skeletons
  6 worker ants
  3 iguanas
  A hound zombie (D:9)
  A worker ant zombie (D:10)
  11 adders
  2 shadow imps
  3 oozes
  2 adder zombies
  2 worms
  6 dart slugs
  7 leopard geckos
  26 orcs
  3 ball pythons
  4 bats
  7 giant cockroaches
  6 goblins
  9 hobgoblins
  6 jackals
  5 quokkas
  9 frilled lizards
  A jackal zombie (D:7)
  13 kobolds
  A leopard gecko skeleton (D:4)
  2 quokka skeletons (D:4)
  A quokka zombie (D:9)
  7 rats
244 creatures vanquished.

Vanquished Creatures (others)
  2 plants (D:10)
2 creatures vanquished.

Grand Total: 246 creatures vanquished

Notes
Turn   | Place    | Note
-------+----------+-------------------------------------------
     0 | D:1      | Bluestream the Minotaur Fighter began the quest for the
                  | Orb.
     0 | D:1      | Reached XP level 1. HP: 19/19 MP: 0/0
   288 | D:1      | Reached skill level 3 in Axes
   288 | D:1      | Reached XP level 2. HP: 25/27 MP: 1/1
  1006 | D:2      | Noticed a sky beast
  1018 | D:2      | Killed a sky beast
  1018 | D:2      | Reached skill level 5 in Fighting
  1018 | D:2      | Reached skill level 4 in Axes
  1018 | D:2      | Reached XP level 3. HP: 28/36 MP: 2/2
  1018 | D:2      | Reached XP level 4. HP: 32/42 MP: 3/3
  1034 | D:2      | Reached XP level 5. HP: 37/48 MP: 4/4
  1207 | D:2      | Reached skill level 5 in Axes
  1407 | D:2      | Found an ancient bone altar of Kikubaaqudgha.
  1769 | D:3      | Reached XP level 6. HP: 13/58 MP: 5/5
  2351 | D:4      | Reached skill level 6 in Axes
  2469 | D:4      | Noticed Duvessa
  2469 | D:4      | Noticed Dowan
  2476 | D:4      | Killed Dowan
  2479 | D:4      | Killed Duvessa
  2479 | D:4      | Reached XP level 7. HP: 42/66 MP: 6/6
  2658 | D:4      | Reached skill level 7 in Axes
  2752 | D:5      | Entered Level 5 of the Dungeon
  2933 | D:5      | Found a staircase to the Ecumenical Temple.
  3043 | D:5      | Reached skill level 8 in Axes
  3332 | D:5      | Reached XP level 8. HP: 68/75 MP: 7/7
  3591 | Temple   | Entered the Ecumenical Temple
  3610 | Temple   | Became a worshipper of Makhleb the Destroyer
  3937 | D:6      | Reached skill level 9 in Axes
  4197 | D:6      | Found a white marble altar of Elyvilon.
  4521 | D:7      | Reached skill level 10 in Fighting
  4523 | D:7      | Reached * piety under Makhleb
  4751 | D:7      | Found a runed translucent door.
  4752 | D:7      | Noticed Crazy Yiuf
  4842 | D:7      | Reached skill level 10 in Axes
  4855 | D:7      | Reached XP level 9. HP: 77/86 MP: 8/8
  5131 | D:7      | Killed Crazy Yiuf
  5649 | D:8      | Reached ** piety under Makhleb
  5743 | D:8      | Reached skill level 11 in Axes
  6116 | D:8      | Reached skill level 5 in Armour
  6116 | D:8      | Reached skill level 5 in Shields
  6213 | D:9      | Noticed Gastronok
  6229 | D:9      | Killed Gastronok
  6229 | D:9      | Reached skill level 12 in Axes
  6229 | D:9      | Reached XP level 10. HP: 33/96 MP: 9/9
  7023 | D:10     | Entered Level 10 of the Dungeon
  7023 | D:10     | Found a staircase to the Orcish Mines.
  7117 | D:10     | Reached *** piety under Makhleb
  7484 | D:10     | Killed an unseen horror
  7484 | D:10     | Reached skill level 13 in Axes
  7815 | D:10     | Noticed a two-headed ogre
  7898 | D:10     | Killed a two-headed ogre
  7904 | D:10     | Reached XP level 11. HP: 41/104 MP: 10/10
  8249 | D:10     | Found a staircase to the Lair.
  8671 | D:11     | Reached **** piety under Makhleb
  8742 | D:11     | HP: 2/105 [acid dragon/splash of acid (5)]
  8742 | D:11     | Splashed by an acid dragon's acid

Levels and vault maps discovered:
D:1:      psy_arrival_fountain, layout_loops_corners, minmay_misc_feat_square
D:2:      layout_rooms, lemuel_doored_altar
D:3:      layout_rooms
D:4:      layout_rooms, small_statue_intersection, minmay_misc_feat_tiny,
          uniq_duvessa
D:5:      layout_basic, minmay_temple_entry_overgrown, first_ration
D:6:      layout_loops_cross, basic_altar, kennysheep_generic_room_13
D:7:      layout_rooms, uniq_crazy_yiuf_cottage
D:8:      layout_basic, grunt_ogre_cave
D:9:      layout_basic, uniq_gastronok
D:10:     minmay_inner_zag, layout_long_grid, erik_lair_orcish_takeover,
          david_orc_2, minmay_stone_trees_small
D:11:     layout_gridville, enter_bailey_3
Temple:   grunt_wide_crystal_templ

Skill      XL: |  1  2  3  4  5  6  7  8  9 10 |
---------------+-------------------------------+-----
Fighting       | 4 5 6 7 8 10 11 12 | 12.3
Axes           | 3 4 5 6 8 10 12 13 | 13.6
Armour         | 6 7 |  7.8
Shields        | 6 7 |  7.9

Action                   |  1- 3 |  4- 6 |  7- 9 | 10-12 || total
-------------------------+-------+-------+-------+-------++-------
Melee: War axe           |    41 |   158 |   148 |       ||   347
       Headbutt          |     7 |    28 |    63 |    41 ||   139
       Broad axe         |       |       |   119 |   238 ||   357
 Stab: Sleeping          |       |       |       |     4 ||     4
  Eat: Chunk             |       |     5 |    11 |     1 ||    17
       Ration            |       |       |     1 |     2 ||     3
Armor: Scale mail        |     5 |       |       |       ||     5
       Ring mail         |     5 |    63 |   118 |   190 ||   376
Dodge: Dodged            |    11 |    67 |    69 |    64 ||   211
Block: Shield            |    14 |    87 |   117 |   145 ||   363
